 Dungeon Crawl Stone Soup version 0.29.1-1-gd02db6906a (webtiles) character file.

Game seed: 1378094608742593692

4 groovy9 the Shooter (level 1, 16/16 HPs)
             Began as a Minotaur Arcane Marksman on Sept 15, 2022.
             Quit the game on level 1 of the Dungeon.
             The game lasted 00:01:20 (64 turns).

groovy9 the Shooter (Minotaur Arcane Marksman)        Turns: 64, Time: 00:01:20

Health: 16/16      AC:  2    Str: 14    XL:     1   Next: 50%
Magic:  1/1        EV: 12    Int: 10    God:
Gold:   7          SH:  0    Dex: 10    Spells: 1/2 levels left

rFire   . . .      SeeInvis .   a - +1 sling
rCold   . . .      Faith    .   (no shield)
rNeg    . . .      Spirit   .   c - +0 robe
rPois   .          Reflect  .   (helmet restricted)
rElec   .          Harm     .   (no cloak)
rCorr   .          Rampage  .   (no gloves)
Will    .....                   (no boots)
Stlth   +.........              (no amulet)
HPRegen 0.05/turn               (no ring)
MPRegen 0.07/turn               (no ring)

@: no status effects
A: horns 2, retaliatory headbutt
a: no special abilities


You were on level 1 of the Dungeon.
You visited 1 branch of the dungeon, and saw 1 of its levels.

You collected 7 gold pieces.

Inventory:

Hand Weapons
 a - a +1 sling (weapon)
Armour
 c - a +0 robe (worn)
Scrolls
 b - a scroll of poison
 d - a scroll of enchant weapon {unknown}


   Skills:
 + Level 1.3 Fighting
 * Level 2.2 Ranged Weapons
 + Level 2.2 Dodging
 + Level 1.0 Spellcasting
 + Level 2.0 Hexes


You had one spell level left.
You knew the following spells:

 Your Spells              Type           Power      Damage    Failure   Level
a - Slow                  Hex            16%        N/A       16%         1

Your spell library contained the following spells:

 Spells                   Type           Power      Damage    Failure   Level
 Inner Flame              Hex/Fire       2%         N/A       56%         3
 Portal Projectile        Hex/Tloc       4%         N/A       56%         3
 Cause Fear               Hex            2%         N/A       83%         4


Dungeon Overview and Level Annotations

Branches:
Dungeon (1/15)

Altars:


Innate Abilities, Weirdness & Mutations

You have a pair of horns on your head.
You reflexively headbutt those who attack you in melee.


Message History

Welcome, groovy9 the Minotaur Arcane Marksman.
Will you be the one to retrieve the terrific Orb of Zot from the depths?
Press ? for a list of commands and other information.
Found a scroll labelled GOVUCUYDAR.
Found a staircase leading out of the dungeon.
d - a scroll labelled GOVUCUYDAR You can't see any susceptible monsters within range! (Use Z to cast anyway.) Unknown command.
An endoplasm comes into view.
Found a stone staircase leading down.
The endoplasm quivers.
The endoplasm seems to slow down.
You are out of magic!
Unknown command.
A rat comes into view.
The endoplasm is no longer moving slowly.
You shoot a sling bullet. The sling bullet hits the rat.
You kill the rat!
You shoot a sling bullet. The sling bullet hits the endoplasm.
The endoplasm is moderately wounded.
You shoot a sling bullet. The sling bullet hits the endoplasm.
The endoplasm is severely wounded.
You shoot a sling bullet. The sling bullet hits the endoplasm.
You kill the endoplasm!
A giant cockroach comes into view.
You shoot a sling bullet.
The sling bullet hits the giant cockroach!
You kill the giant cockroach!
No target in view!
You now have 7 gold pieces.
A kobold comes into view. It is wielding a +0 short sword.
The kobold shouts!
You shoot a sling bullet. The sling bullet hits the kobold.
You kill the kobold!
Unknown command.
Are you sure you want to abandon this character and quit the game? (Confirm with "yes".)

#.# #.# #.##
#..# ##.# #.#
#.# ##### #
#.# #...##.##
#.# #..@....#
#.####.†.##).#
#.......###..#
######.......#
#.#####.# #.#
#.# #.# ...


There were no monsters in sight!

Vanquished Creatures
  An endoplasm (D:1)
  A giant cockroach (D:1)
  A kobold (D:1)
  A rat (D:1)
4 creatures vanquished.

Notes
Turn   | Place    | Note
-------+----------+-------------------------------------------
     0 | D:1      | groovy9 the Minotaur Arcane Marksman began the quest for
                  | the Orb.
     0 | D:1      | Reached XP level 1. HP: 16/16 MP: 1/1
    64 | D:1      | Quit the game

Illustrated notes

Levels and vault maps discovered:
D:1:      roderic_chinese_lattice_arrival, layout_loops_ring, serial_bayou,
          serial_bayou_lagoon_a, serial_bayou_shore_b, serial_bayou_lagoon_b,
          serial_bayou_pond_a, serial_bayou_shore_b

Action                   || total
-------------------------++-------
 Fire: Sling             ||     6
 Cast: Slow              ||     1
